 Dungeon Crawl Stone Soup version 0.30.0 (webtiles) character file.

Game seed: 17732718244588647989

200 PurpleRed the Magician (level 5, -1/32 HPs)
             Began as a Deep Elf Chaos Knight on Sept 1, 2023.
             Was a Plaything of Xom.
             Slain by Pikel
             ... wielding a +2 whip of electrocution
              (11 damage)
             ... on level 4 of the Dungeon.
             The game lasted 00:08:40 (958 turns).

PurpleRed the Magician (Deep Elf Chaos Knight)       Turns: 958, Time: 00:08:41

Health: -1/32      AC:  7    Str: 15      XL:     5   Next: 48%
Magic:  14/14      EV: 12    Int: 18 (19) God:    Xom [......]
Gold:   76         SH:  0    Dex: 14      Spells: 14/14 levels left

rFire   . . .        d - +5 Force Lance {heavy, knockback}
rCold   . . .        (no shield)
rNeg    . . .        b - +2 leather armour
rPois   .            (helmet restricted)
rElec   .            (no cloak)
rCorr   +            (no gloves)
SInv    +            o - +1 pair of boots
Will    .....        (no amulet)
Stlth   +            r - +6 ring of strength
HPRegen 0.25/turn    t - ring of resist corrosion
MPRegen 0.14/turn

%: clarity
@: brilliant, invisible
A: beak, see invisible, clarity, deterioration 1
a: Renounce Religion


You were on level 4 of the Dungeon.
You worshipped Xom.
You were a very special plaything of Xom.
You visited 1 branch of the dungeon, and saw 4 of its levels.

You collected 76 gold pieces.

Inventory:

Hand Weapons
 a - a +0 short sword of chaos
 d - the +5 Force Lance (weapon) {heavy, knockback}
   (You found it on level 2 of the Dungeon)
 u - a +1 long sword of flaming
Missiles
 q - 5 javelins
Armour
 b - a +2 leather armour (worn)
 i - a +0 ring mail
 l - an orb of mayhem
 o - a +1 pair of boots (worn)
 v - a +0 robe
Jewellery
 n - a ring of ice
 r - a +6 ring of strength (left hand)
 t - a ring of resist corrosion (right hand)
Scrolls
 h - 4 scrolls of teleportation
Potions
 g - a potion of ambrosia
 p - a potion of mutation
Miscellaneous
 c - a piece from Xom's chessboard (15/15) (quivered)


   Skills:
 - Level 3.0 Fighting
 - Level 3.0 Short Blades
 - Level 0.7 Armour
 - Level 2.4 Dodging
 * Level 5.2 Spellcasting
 + Level 2.9 Conjurations


You had 14 spell levels left.
You didn't know any spells.
Your spell library contained the following spells:

 Spells                   Type           Power      Damage    Failure   Level
 Dazzling Flash           Conj/Hex       30%        N/A       26%         3
 Agony                    Necr           7%         N/A       99%         5
 Silence                  Hex/Air        3%         N/A       99%         5


Dungeon Overview and Level Annotations

Branches:
Dungeon (4/15)
 Temple: D:4-7

Altars:
Fedhas
Gozag
Hepliaklqana
Zin
The Shining One

Annotations:
D:4 Pikel


Innate Abilities, Weirdness & Mutations

You have a beak for a mouth.
You have supernaturally acute eyesight. (SInv)
You possess an exceptional clarity of mind.
Your body sometimes deteriorates upon taking damage.


Message History

You are no longer poisoned.
The lemure completely misses you.
You hit the lemure.
The lemure is knocked back by the blow.
The lemure collides with the orc!
The lemure is almost dead. x2
The lemure hits you but does no damage.
You puncture the lemure!
You kill the lemure!
That felt strangely unrewarding.
The orc hits you with a +0 war axe.
You hit the orc but do no damage. The orc hits you but does no damage.
Reach: d) +5 Force Lance {heavy, knockback}
Press: ? - help, Dir - move target, f - Pikel
Aim: Pikel, wielding a +2 whip of electrocution and wearing a +0 robe (about 39% to evade the +5 Force Lance)
The orc is in the way.
You puncture the orc!
You kill the orc!
Pikel hits you with a +2 whip of electrocution!
* * * LOW HITPOINT WARNING * * *
It was a potion of invisibility.
You fade into invisibility!
Pikel misses you.
You feel better. Pikel closely misses you.
You hit Pikel. Your peck misses Pikel.
Pikel is lightly wounded.
Pikel hits you with a +2 whip of electrocution.
Pikel misses you.
You puncture Pikel! You peck Pikel.
Pikel is heavily wounded.
Xom's power touches on you for a moment.
You feel dopey.
Pikel hits you with a +2 whip of electrocution.
You hit Pikel. You peck Pikel, but do no damage.
Pikel is heavily wounded.
Pikel misses you. Pikel completely misses you.
You puncture Pikel! Your peck misses Pikel.
Pikel is almost dead.
Pikel closely misses you.
Pikel says, "You'll make a fine lemure."
Pikel hits you but does no damage.
You are electrocuted!
You die...
Xom snickers!

#.# #.# #.# #.# ### #### #.#
#.#### ... §..≈≈.. ..## #.#
#.#.. ..# §.≈≈... #..# #.#
#.#.# #.# ..≈≈._. #..#
#.###.#.# #.# ..≈≈...#
#..###.......######.#
≈..≈≈...##.5K@.......(.......#
≈≈..≈§...#..#############.....
§§..≈≈.#....5# ###...
5≈..§≈.....#.# ######..##
.≈≈..§.###...# #......)..
..5..5. #.### ...##.##..
#o####. #.# .#..#.#..# / ..
#s# #.....## .. #.# ....._....


You could see Pikel (unable to see you) and a lemure (unable to see you).

Vanquished Creatures
  3 lemures (D:4)
  A scorpion (D:4)
  An iguana (D:2)
  An orc wizard (D:4)
  2 adders
  3 worms
  A dart slug (D:1)
  4 orcs
  2 ball pythons (D:1)
  9 endoplasms
  8 giant cockroaches
  6 goblins
  5 hobgoblins
  A bat (D:2)
  6 frilled lizards
  7 kobolds
  3 rats
63 creatures vanquished.

Notes
Turn   | Place    | Note
-------+----------+-------------------------------------------
     0 | D:1      | PurpleRed the Deep Elf Chaos Knight began the quest for the
                  | Orb.
     0 | D:1      | Reached XP level 1. HP: 13/13 MP: 3/3
     4 | D:2      | Found the +5 Force Lance {heavy, knockback}
    47 | D:2      | Found a glowing golden altar of the Shining One.
    58 | D:2      | Reached skill level 1 in Spellcasting
    91 | D:1      | Reached XP level 2. HP: 16/18 MP: 4/6
   126 | D:1      | Reached skill level 2 in Spellcasting
   126 | D:1      | Reached skill level 1 in Conjurations
   297 | D:1      | Reached XP level 3. HP: 22/22 MP: 8/8
   439 | D:2      | HP: 1/22 [iguana (8)]
   441 | D:2      | Reached skill level 3 in Spellcasting
   524 | D:2      | Reached XP level 4. HP: 27/27 MP: 11/11
   528 | D:2      | XOM: give mutations
   528 | D:2      | Gained mutation: You have a beak for a mouth. [Xom's
                  | mischief]
   528 | D:2      | Gained mutation: You are dopey. (Int -2) [Xom's mischief]
   528 | D:2      | Gained mutation: You are clumsy. (Dex -2) [Xom's mischief]
   528 | D:2      | Gained mutation: Your body sometimes deteriorates upon
                  | taking damage. [Xom's mischief]
   588 | D:3      | XOM: confusion
   662 | D:3      | Found a blossoming altar of Fedhas.
   683 | D:3      | Found an opulent altar of Gozag.
   881 | D:4      | Found a glowing silver altar of Zin.
   888 | D:4      | Reached skill level 4 in Spellcasting
   917 | D:4      | Found a hazy altar of Hepliaklqana.
   920 | D:4      | Noticed a lemure
   921 | D:4      | Noticed a lemure
   924 | D:4      | Noticed a scorpion
   937 | D:4      | Noticed a lemure
   938 | D:4      | Killed a lemure
   938 | D:4      | XOM: enchant monster (bad)
   939 | D:4      | XOM: stat loss: -1 Str (14/15)
   940 | D:4      | Killed a scorpion
   941 | D:4      | Reached skill level 5 in Spellcasting
   941 | D:4      | Reached XP level 5. HP: 28/32 MP: 12/14
   941 | D:4      | Noticed a lemure
   943 | D:4      | Killed a lemure
   946 | D:4      | Noticed Pikel
   946 | D:4      | Lost mutation: You are clumsy. (Dex -2) [potion of
                  | mutation]
   946 | D:4      | Lost mutation: You are dopey. (Int -2) [potion of mutation]
   946 | D:4      | Gained mutation: You possess an exceptional clarity of
                  | mind. [potion of mutation]
   946 | D:4      | Gained mutation: You have supernaturally acute eyesight.
                  | (SInv) [potion of mutation]
   950 | D:4      | Killed a lemure
   956 | D:4      | XOM: stat loss: -1 Int (18/19)
   958 | D:4      | Slain by Pikel

Illustrated notes

Levels and vault maps discovered:
D:1:      dpeg_arrival_fog, layout_rooms, minmay_misc_feat_columns
D:2:      layout_basic, basic_altar, amcnicky_mini_rare_corridor_liquid,
          grunt_ministairs_9, chequers_serial_rivers_marsh
D:3:      layout_basic, fedhas_altar_2, grunt_gozag_statues,
          minmay_misc_feat_roman
D:4:      layout_loops_ring, mainiacjoe_overflow_small_starburst,
          mainiacjoe_overflow_catch_the_wave, uniq_edmund, uniq_pikel

Skill      XL: |  1  2  3  4 |
---------------+-------------+-----
Spellcasting   | 1 2 3 5 |  5.2
Conjurations   | 1 2 |  2.9
Fighting       | 3 |  3.0
Short Blades   | |  3.0
Armour         | |  0.7
Dodging        | |  2.4

Action                     |  1- 3 |  4- 6 || total
---------------------------+-------+-------++-------
  Melee: Lance             |    67 |    51 ||   118
         Punch             |     2 |       ||     2
         Peck              |       |     9 ||     9
    Use: Potion            |     1 |     4 ||     5
         Scroll            |       |     4 ||     4
   Stab: Sleeping          |       |     1 ||     1
 Armour: Leather armour    |    20 |    15 ||    35
  Dodge: Dodged            |    32 |    20 ||    52
